 Dungeon Crawl Stone Soup version 0.31-a0-983-g7b6862f502 (webtiles) character file.

Game seed: 10738557296383444738

19054 lunkers the Grappler (level 12, 0/150 HPs)
             Began as a Demigod Shapeshifter on Nov 2, 2023.
             Slain by a yak (4 damage)
             ... on level 4 of the Lair of Beasts.
             The game lasted 00:17:20 (10700 turns).

lunkers the Grappler (Demigod Shapeshifter)        Turns: 10700, Time: 00:17:21

Health: 0/150      AC: 26    Str: 27    XL:     12   Next: 6%
Magic:  15/15      EV:  2    Int: 12    God:
Gold:   1052       SH:  0    Dex: 17    Spells: 11/11 levels left

rFire   . .          .
                       - Unarmed
rCold   . . .        (no shield)
rNeg    . . .        f - melded +18 Lear's hauberk
rPois   +            (helmet currently unavailable)
rElec   .            F - melded scarf {repulsion}
rCorr   .            (gloves currently unavailable)
SInv    .            (boots currently unavailable)
Will    +....        (no amulet)
Stlth   ++           (no ring)
HPRegen 0.45/turn    (no ring)
MPRegen 0.14/turn

%: no passive effects
@: tree-form, studying Shapeshifting
A: stationary, stasis, torment immunity, boosted hp, high MP 1, forlorn, divine
attributes
a: no special abilities


You were on level 4 of the Lair of Beasts.
You were a tree.
You visited 2 branches of the dungeon, and saw 15 of its levels.

You collected 1052 gold pieces.

Inventory:

Missiles
 a - 2 throwing nets
Armour
 f - the +18 Lear's hauberk (melded)
   (You found it on level 3 of the Dungeon)
 h - +0 swamp dragon scales
 l - a +2 pair of gloves
 s - a +0 cloak
 x - an orb of energy
 D - a +0 pair of boots
 F - a scarf of repulsion (melded)
Jewellery
 q - a ring of protection from fire
Talismans
 c - a beast talisman
 d - a flux talisman (active)
 m - a serpent talisman
Wands
 v - a wand of charming (10)
 y - a wand of polymorph (11)
 C - a wand of digging (5)
 G - a wand of mindburst (4)
Scrolls
 e - 2 scrolls of teleportation
 g - a scroll of immolation
 n - 2 scrolls of enchant armour
 o - a scroll of poison
 r - 2 scrolls of silence
 z - a scroll of revelation
 B - a scroll of blinking
 I - a scroll of enchant weapon
 K - a scroll of identify
Potions
 b - a potion of lignification
 i - 3 potions of curing
 j - a potion of magic
 k - 2 potions of haste
 p - 2 potions of enlightenment
 t - a potion of heal wounds
 u - 3 potions of mutation
 w - 2 potions of brilliance
 A - a potion of might {unknown}
 E - 3 potions of cancellation
 J - a potion of attraction


   Skills:
 + Level 7.0 Fighting
 + Level 5.9 Armour
 + Level 7.2 Dodging
 * Level 13.5 Unarmed Combat
 - Level 7.0 Shapeshifting


You had 11 spell levels left.
You didn't know any spells.
Your spell library contained the following spells:

 Spells                   Type           Power      Damage    Failure   Level
 Blink                    Tloc           0%         N/A       45%         2
 Cigotuvi's Dreadful Rot  Necr/Pois/Air  0%         N/A       45%         2
 Lesser Beckoning         Tloc           0%         N/A       45%         2
 Momentum Strike          Conj/Tloc      0%         3d8       45%         2
 Sublimation of Blood     Necr           0%         N/A       45%         2
 Gell's Gravitas          Tloc           0%         N/A       69%         3
 Ignite Poison            Fire/Tmut/Pois 0%         N/A       69%         3
 Teleport Other           Tloc           0%         N/A       69%         3
 Brom's Barrelling Bould  Conj/Erth      0%         2d3       97%         4
 Petrify                  Tmut/Erth      0%         N/A       97%         4
 Fireball                 Conj/Fire      0%         3d3       100%        5
 Freezing Cloud           Conj/Ice/Air   0%         6-21      100%        5
 Irradiate                Conj/Tmut      0%         3d11      100%        5
 Iskenderun's Battlesphe  Conj           0%         2d6       100%        5
 Summon Forest            Summ/Tloc      0%         N/A       100%        5
 Conjure Ball Lightning   Conj/Air       0%         3x3d6     100%        6
 Eringya's Noxious Bog    Tmut/Pois      0%         4d6       100%        6
 Orb of Destruction       Conj           0%         9d5       100%        7
 Summon Hydra             Summ           0%         N/A       100%        7


Dungeon Overview and Level Annotations

Branches:
Dungeon (11/15)            Temple (0/1) D:6            Lair (4/5) D:10
 Shoals (0/4) Lair:3        Slime (0/5) Lair:4
  Snake: Lair:2-3    Spider: Lair:2-3       Orc: D:9-12

Shops:
D:9 (


Innate Abilities, Weirdness & Mutations

You are a tree.
Your roots penetrate the ground, keeping you stationary.
You cannot be teleported.
You are immune to unholy pain and torment.
Your maximum health is greatly increased.
Your equipment is partially melded.
You have an increased reservoir of magic. (+10% MP)
You shall have no god before yourself.
Your divine heritage dramatically boosts your attributes as you level up.


Message History

You feel very sick. The cane toad stings you.
* * * LOW HITPOINT WARNING * * *
Unknown command.
Your transformation has ended.
You turn into a tree.
Your scarf of repulsion melds into your body.
The +18 Lear's hauberk melds into your body.
The haze of the repulsion field disappears.
Your roots penetrate the ground.
You feel sick. The yak gores you!
* * * LOW HITPOINT WARNING * * *
The cane toad stings you!
* * * LOW HITPOINT WARNING * * *
Unknown command.
You feel better. The yak gores you but does no damage.
The cane toad stings you but does no damage.
You thrash the yak!!!
The yak is almost dead.
The cane toad stings you.
* * * LOW HITPOINT WARNING * * *
The yak gores you but does no damage.
You barely miss the yak.
The yak is almost dead.
The cane toad stings you!
* * * LOW HITPOINT WARNING * * *
You barely miss the yak. You punch the yak, but do no damage.
The cane toad stings you but does no damage.
You pummel the cane toad!!
The cane toad is almost dead.
The cane toad stings you but does no damage.
You smack the cane toad!
You kill the cane toad!
The yak gores you but does no damage.
You pummel the yak!!
You kill the yak!
The yak gores you but does no damage.
You smack the yak!
The yak is moderately wounded.
The yak gores you.
You die...

...#..YF.. ....... ...
..Y.Y .......
#..##+.Y.#......>
#......Y......... ##...#
##†...# #....####.##.##..
#....##.†.......#
#....Y†.......##
#...P♣####.....P.#
###...P####.#P.#.P.# .
#P.................# #.
.....................###..
..........................
..........................
..........................
..........................
..##......................


You could see a yak.

Vanquished Creatures
  Erolcha (D:9)
  6 death yaks (Lair:4)
  Pikel (D:7)
  A deep elf zephyrmancer (D:9)
  5 elephants
  Joseph (D:10)
  A black mamba (Lair:4)
  A gargoyle (D:10)
  Maggie (D:7)
  4 cane toads
  A komodo dragon (Lair:4)
  An unseen horror (D:10)
  9 blink frogs
  A snapping turtle (Lair:3)
  Sigmund (D:6)
  A wraith (D:9)
  A water elemental (Lair:3)
  12 yaks
  3 basilisks
  4 wyverns
  3 water moccasins
  2 orc warriors
  A sky beast (D:7)
  6 black bears
  9 wolves
  2 centaurs
  An ogre (D:6)
  3 kobold brigands
  2 lemures (D:7)
  A phantom (D:7)
  8 bullfrogs
  2 scorpions (D:5)
  11 killer bees
  6 howler monkeys
  An electric eel (Lair:3)
  A crimson imp (D:7)
  3 hounds
  A jelly (D:5)
  A gnoll bouda (D:6)
  4 orc priests
  A sleepcap (D:7)
  2 iguanas (D:5)
  10 orc wizards
  2 adders (D:6)
  5 gnolls (D:6)
  A shadow imp (D:7)
  A white imp (D:6)
  3 worms
  A dart slug (D:1)
  28 orcs
  6 ball pythons
  2 bats (D:2)
  7 endoplasms
  4 giant cockroaches
  9 goblins
  5 hobgoblins
  19 kobolds
  7 quokkas
  3 frilled lizards (D:2)
  4 rats
244 creatures vanquished.

Notes
Turn   | Place    | Note
-------+----------+-------------------------------------------
     0 | D:1      | lunkers the Demigod Shapeshifter began the quest for the
                  | Orb.
     0 | D:1      | Reached XP level 1. HP: 15/15 MP: 3/3
    55 | D:1      | Reached skill level 3 in Unarmed Combat
   145 | D:1      | Reached XP level 2. HP: 22/22 MP: 4/4
   653 | D:2      | Reached XP level 3. HP: 16/27 MP: 5/5
  1375 | D:3      | Identified the +2 cloak of Rotation {rF- Int+2 Dex+2
                  | Slay+2}
  1466 | D:3      | Found the +18 Lear's hauberk
  2498 | D:4      | Reached skill level 4 in Unarmed Combat
  2504 | D:4      | Reached XP level 4. HP: 21/34 MP: 6/6
  3007 | D:5      | Entered Level 5 of the Dungeon
  3111 | D:5      | Reached XP level 5. HP: 18/39 MP: 7/7
  3302 | D:5      | Reached skill level 5 in Unarmed Combat
  3465 | D:5      | Noticed a black bear
  3475 | D:5      | Killed a black bear
  3476 | D:5      | Reached XP level 6. HP: 32/46 MP: 8/8
  3703 | D:5      | Reached skill level 6 in Unarmed Combat
  3958 | D:6      | Reached XP level 7. HP: 25/51 MP: 9/9
  4106 | D:6      | Noticed Sigmund
  4111 | D:6      | Killed Sigmund
  4112 | D:6      | Reached skill level 7 in Unarmed Combat
  4112 | D:6      | Reached skill level 5 in Shapeshifting
  4328 | D:6      | Found a staircase to the Ecumenical Temple.
  4804 | D:7      | Reached XP level 8. HP: 45/58 MP: 10/10
  4878 | D:7      | Noticed Maggie
  4888 | D:7      | Killed Maggie
  4889 | D:7      | Reached skill level 8 in Unarmed Combat
  5148 | D:7      | Noticed Pikel
  5175 | D:7      | Killed Pikel
  5176 | D:7      | Reached skill level 9 in Unarmed Combat
  5180 | D:7      | Noticed a +0 hand axe
  5181 | D:7      | Noticed a +0 hand axe
  5222 | D:7      | Reached skill level 1 in Fighting
  5402 | D:7      | Reached XP level 9. HP: 16/64 MP: 11/11
  6315 | D:8      | Reached skill level 10 in Unarmed Combat
  6697 | D:9      | Identified 2 scrolls of acquirement
  6697 | D:9      | Acquired a manual of Shapeshifting
  7319 | D:9      | Found Naafewets's Antique Weapon Shop.
  7428 | D:9      | Noticed Erolcha
  7437 | D:9      | Killed Erolcha
  7438 | D:9      | Reached skill level 1 in Armour
  7438 | D:9      | Reached XP level 10. HP: 43/78 MP: 13/13
  7685 | D:9      | Noticed a deep elf zephyrmancer
  7698 | D:9      | Killed a deep elf zephyrmancer
  7699 | D:9      | Reached skill level 11 in Unarmed Combat
  7710 | D:9      | Acquired 453 gold pieces
  7843 | D:10     | Entered Level 10 of the Dungeon
  7938 | D:10     | Noticed Joseph
  7961 | D:10     | Killed Joseph
  8320 | D:10     | Reached skill level 5 in Dodging
  8372 | D:10     | Found a staircase to the Lair.
  8375 | D:10     | Noticed an elephant
  8392 | D:10     | Killed an elephant
  8750 | D:10     | Reached skill level 5 in Fighting
  8989 | Lair:1   | Entered Level 1 of the Lair of Beasts
  9100 | Lair:1   | Reached skill level 12 in Unarmed Combat
  9118 | Lair:1   | Reached XP level 11. HP: 24/88 MP: 14/14
  9785 | Lair:3   | Found a staircase to the Shoals.
  9971 | Lair:4   | Found a staircase to the Slime Pits.
 10392 | Lair:4   | Noticed a death yak
 10392 | Lair:4   | Noticed a death yak
 10393 | Lair:4   | Noticed a death yak
 10393 | Lair:4   | Noticed a death yak
 10393 | Lair:4   | Noticed a death yak
 10412 | Lair:4   | Noticed a death yak
 10413 | Lair:4   | Killed a death yak
 10423 | Lair:4   | Killed a death yak
 10424 | Lair:4   | Reached skill level 5 in Armour
 10429 | Lair:4   | Killed a death yak
 10451 | Lair:4   | Killed a death yak
 10452 | Lair:4   | Reached skill level 13 in Unarmed Combat
 10455 | Lair:4   | Killed a death yak
 10477 | Lair:4   | Killed a death yak
 10685 | Lair:4   | Reached XP level 12. HP: 30/97 MP: 15/15
 10692 | Lair:4   | HP: 6/150 [cane toad (12)]
 10695 | Lair:4   | HP: 2/150 [cane toad (7)]
 10700 | Lair:4   | Slain by a yak

Illustrated notes

Levels and vault maps discovered:
D:1:      dpeg_arrival_simpleton_c, layout_basic
D:2:      layout_basic, serial_glass, glass_columns_c, glass_columns_a,
          minmay_strange_pillars, minmay_strange_pillars, due_unseen_surprise,
          feat_on_display, basic_altar, minmay_hexomino_f4
D:3:      layout_loops_corners
D:4:      layout_basic, mainiacjoe_overflow_alcove_3
D:5:      layout_loops_corners, okawaru_altar_gauntlet_db,
          corexii_leaking_fountain, grunt_decor_resistance
D:6:      layout_loops_ring, lemuel_temple_firewalk_b,
          minmay_misc_feat_secret_circle, uniq_sigmund
D:7:      layout_basic, grunt_temple_overflow_lords_of_destruction,
          mainiacjoe_overflow_surrounded_room, dancing_weapons_uskayaw,
          mainiacjoe_overflow_24_doors, uniq_pikel, uniq_maggie
D:8:      layout_basic, gammafunk_temple_overflow_elements
D:9:      layout_loops_cross, serial_shops, shop, guppyfry_early_elven_hall,
          uniq_erolcha
D:10:     layout_loops_cross, gammafunk_temple_overflow_forgotten,
          david_lair_generic, uniq_joseph
D:11:     layout_roguey
Lair:1:   layout_loops_ring, beast_lair_carwin_5
Lair:2:   layout_regular_city, dummy_snake_entry, lemuel_fruit_fields,
          uniq_fannar, uniq_erica
Lair:3:   layout_misc_corridors, minmay_shoals_entry_hut, ebering_ghost_xom,
          minivault_23, beast_lair_carwin_1, uniq_amaemon
Lair:4:   minmay_guarded_unrand_snakebite, layout_regular_city,
          nicolae_slime_entry_field_trip, grunt_megastairs_1

Skill      XL: |  1  2  3  4  5  6  7  8  9 10 11 12 |
---------------+-------------------------------------+-----
Unarmed Combat | 3 4 5 6 7 9 10 12 13 | 13.5
Shapeshifting  | 3 4 5 6 7 |  7.0
Fighting       | 1 3 5 6 7 |  7.0
Dodging        | 2 4 5 7 |  7.2
Armour         | 1 3 5 |  5.9

Action                     |  1- 3 |  4- 6 |  7- 9 | 10-12 || total
---------------------------+-------+-------+-------+-------++-------
  Melee: Unarmed           |   178 |   131 |   327 |   461 ||  1097
         Punch             |     5 |       |     1 |     8 ||    14
  Evoke: Wand              |       |       |       |     3 ||     3
    Use: Scroll            |    11 |       |     9 |     6 ||    26
         Potion            |     1 |       |     4 |     5 ||    10
 Armour: Ring mail         |    18 |       |       |       ||    18
         Chain mail        |    90 |    91 |   256 |   329 ||   766
         Skin              |       |       |     9 |    12 ||    21
  Dodge: Dodged            |    64 |    33 |   150 |   192 ||   439
         Repelled          |       |       |       |     1 ||     1
   Form: Flux              |     1 |       |       |     1 ||     2
                           |       |       |     1 |       ||     1

Table legend: (Time is in decaauts)
 A = Elapsed time spent in this place.
 B = Non-inter-level travel time spent in this place.
 C = Inter-level travel time spent in this place.
 D = Time resting spent in this place.
 E = Time spent auto-exploring this place.
 F = Levels seen in this place.
 G = Mean time per level.
                   A        B        C        D        E       F      G
               +--------+--------+--------+--------+--------+-----+--------+
         Total |  10536 |  10288 |    248 |     49 |   8363 |  15 |  702.4 |
       Dungeon |   8891 |   8643 |    248 |     49 |   7183 |  11 |  808.3 |
          Lair |   1644 |   1644 |      0 |      0 |   1180 |   4 |  411.0 |
               +--------+--------+--------+--------+--------+-----+--------+

Top non-repeatable levels by time:
     D:7: 1240 daAuts
     D:9: 1208 daAuts
    D:10: 1106 daAuts
     D:5: 897 daAuts
     D:3: 855 daAuts
     D:2: 816 daAuts
     D:4: 781 daAuts
     D:6: 741 daAuts
     D:8: 696 daAuts
  Lair:4: 692 daAuts
  Lair:1: 560 daAuts
     D:1: 537 daAuts
  Lair:3: 366 daAuts
  Lair:2: 24 daAuts
    D:11: 9 daAuts
